Selects Advanced Infantry Battlegroup
Selects Artillery Observers
Construct Weapon Support Center
Construct Medical Station
M1918 Browning Automatic Rifles
Selects Convert to Ranger Squad
Selects Designate Assault Position
M18 Hellcat Tank Destroyer
M4(105) Sherman Bulldozer
Designate Assault Position
Selects M2A1 105mm Howitzer Emplacement
Selects 155mm Rapid Artillery Barrage
M4(105) Sherman Bulldozer
155mm Rapid Artillery Barrage
M18 Hellcat Tank Destroyer